 Dungeon Crawl Stone Soup version 0.26.0-18-gc5c842f807 (webtiles) character file.

Game seed: 12041357708832898741

2826 iamoutofideas the Frost Mage (level 9, -5/57 HPs)
             Began as a Demonspawn Ice Elementalist on Jan 22, 2021.
             Was a Follower of Vehumet.
             Slain by an ice beast (8 damage)
             ... on level 8 of the Dungeon.
             The game lasted 00:14:38 (10293 turns).

iamoutofideas the Frost Mage (DsIE)                Turns: 10293, Time: 00:14:39

Health: -5/57      AC: 13    Str:  9    XL:     9   Next: 45%
Magic:  3/21       EV: 16    Int: 19    God:    Vehumet [*.....]
Gold:   550        SH:  0    Dex: 14    Spells: 14/25 levels left

rFire    + . .     SeeInvis .   o - +0 short sword
rCold    . . .     Faith    .   (no shield)
rNeg     . . .     Spirit   .   a - +0 robe
rPois    .         Reflect  .   k - +0 helmet
rElec    .         Harm     .   u - +0 cloak
rCorr    +         Rampage  .   (no gloves)
Will     .....                  b - +2 pair of boots
Stlth    ++........             (no amulet)
HPRegen  0.19/turn              w - +4 ring of evasion
MPRegen  0.17/turn              s - ring of resist corrosion

@: sanguine armour
A: hooves 2, fire resistance 1, flame cloud immunity, sanguine armour 1
a: Renounce Religion


You were on level 8 of the Dungeon.
You worshipped Vehumet.
Vehumet was aware of your devotion.
You visited 2 branches of the dungeon, and saw 9 of its levels.

You collected 550 gold pieces.

Inventory:

Hand Weapons
 o - a +0 short sword (weapon)
 B - a +1 whip of flaming
 J - a +0 short sword
Armour
 a - a +0 robe (worn)
 b - a +2 pair of boots (worn)
 k - a +0 helmet (worn)
 u - a +0 cloak (worn)
Jewellery
 p - an uncursed ring of positive energy
 q - an uncursed ring of magical power {unknown}
 s - a ring of resist corrosion (right hand)
 w - a +4 ring of evasion (left hand)
 C - an uncursed amulet of guardian spirit
Wands
 y - a wand of iceblast (7)
 A - a wand of digging (11)
 F - a wand of flame (7)
Scrolls
 c - 5 scrolls of remove curse
 d - 4 scrolls of fog
 e - 3 scrolls of magic mapping
 h - 2 scrolls of enchant weapon
 j - 4 scrolls of teleportation
 m - a scroll of immolation {unknown}
 r - a scroll of amnesia
 v - a scroll of enchant armour
 H - a scroll of vulnerability {unknown}
 I - a scroll of holy word
Potions
 f - 2 potions of attraction {unknown}
 g - 3 potions of haste
 i - 2 potions of might {unknown}
 l - a potion of resistance
 n - a potion of ambrosia {unknown}
 t - 4 potions of curing
 x - 2 potions of magic
 z - 2 potions of lignification {unknown}
 D - a potion of cancellation {unknown}
 E - a potion of degeneration {unknown}
 G - a potion of heal wounds


   Skills:
 - Level 1.7 Dodging
 - Level 1.7 Stealth
 + Level 8.7 Spellcasting
 + Level 9.3 Ice Magic


You had 14 spell levels left.
You knew the following spells:

 Your Spells              Type           Power        Failure   Level
a - Freeze                Ice            100%         1%          1
b - Frozen Ramparts       Ice            86%          1%          3
c - Ozocubu's Armour      Ice            43%          1%          3
d - Hailstorm             Conj/Ice       26%          12%         4

Your spell library contained the following spells:

 Spells                   Type           Power        Failure   Level
 Magic Dart               Conj           32%          9%          1
 Summon Ice Beast         Ice/Summ       26%          12%         4


Dungeon Overview and Level Annotations

Branches:
Dungeon (8/15)             Temple (1/1) D:6
   Lair: D:8-11

Altars:
Ashenzari
Cheibriados
Dithmenos
Elyvilon
Fedhas
Gozag
Hepliaklqana
Kikubaaqudgha
Makhleb
Nemelex Xobeh
Okawaru
Qazlal
Ru
Sif Muna
Uskayaw
Vehumet
Wu Jian
Xom
Yredelemnul
Zin
The Shining One

Shops:
D:4 }}::

Annotations:
D:4 2 runed translucent doors, Gadfly's ghost, amateur GnWn
D:7 3 runed translucent doors, WaifuGate's ghost, novice OgFi


Innate Abilities, Weirdness & Mutations

You have hoof-like feet.
Your flesh is heat resistant. (rF+)
You are immune to clouds of flame.
When seriously injured, your bleeding wounds create armour. (AC +6)


Message History

The wall freezes the ice beast but does no damage.
The ice beast misses you.
You hit the ice beast but do no damage.
The ice beast is moderately wounded.
The frozen ramparts melt away.
The ice beast hits you but does no damage.
You closely miss the ice beast.
The ice beast is moderately wounded.
The ice beast barely misses you.
You closely miss the ice beast.
The ice beast is moderately wounded.
The ice beast hits you. The ice beast freezes you!
* * * LOW HITPOINT WARNING * * *
The ice beast hits you but does no damage.
You hit the ice beast.
The ice beast is heavily wounded.
The ice beast hits you.
* * * LOW HITPOINT WARNING * * *
The ice beast freezes you!
You die...

#.#. ### #.####.#.. ...
....##.. #.# #..#.. #.#.#
#...<† #.#.# #.#.#. #.#.#
#.#####..... #.#.#
#.........#. #@#.#
#######.....
#Y#.########....#. ⌠
#†#(.......>....#.
.8.8#####††...........###.
......†....#########..# #.
###.######............# #.
#.#########..# #. #.##
#..###. #..## #......


You could see an ice beast.

Vanquished Creatures
  Pikel (D:4)
  Edmund (D:5)
  2 water moccasins
  Duvessa (D:6)
  A phantom (D:7)
  A black bear (D:7)
  3 ogres
  2 bullfrogs
  Dowan (D:6)
  2 scorpions
  9 howler monkeys
  A quasit (D:8)
  A hound (D:7)
  A jelly (D:6)
  Crazy Yiuf (D:5)
  A bullfrog skeleton (D:6)
  2 orc priests
  Natasha (twice) (D:3)
  6 orc wizards
  An iguana (D:8)
  6 worker ants
  A hound zombie (D:5)
  7 gnolls
  10 adders
  A shadow imp (D:7)
  2 white imps
  4 oozes
  An adder zombie (D:5)
  2 worms
  2 dart slugs (D:1)
  8 leopard geckos
  19 orcs
  3 giant cockroaches
  17 goblins
  4 hobgoblins
  5 jackals (D:3)
  8 kobolds
  A quokka (D:6)
  2 ball pythons
  4 bats (D:1)
  4 frilled lizards
  7 rats
158 creatures vanquished.

Vanquished Creatures (others)
  3 fungi (D:7)
  A plant (D:7)
4 creatures vanquished.

Grand Total: 162 creatures vanquished

Notes
Turn   | Place    | Note
-------+----------+-------------------------------------------
     0 | D:1      | iamoutofideas the Demonspawn Ice Elementalist began the
                  | quest for the Orb.
     0 | D:1      | Reached XP level 1. HP: 13/13 MP: 3/3
   395 | D:1      | Reached skill level 4 in Ice Magic
   395 | D:1      | Gained mutation: Your flesh is heat resistant. (rF+)
                  | [demonic ancestry]
   395 | D:1      | Reached XP level 2. HP: 14/19 MP: 1/5
  1130 | D:1      | Reached XP level 3. HP: 24/24 MP: 4/6
  2330 | D:2      | Gained mutation: When seriously injured, your bleeding
                  | wounds create armour. (AC +6) [demonic ancestry]
  2330 | D:2      | Reached XP level 4. HP: 26/30 MP: 4/8
  2646 | D:2      | Learned a level 3 spell: Frozen Ramparts
  2650 | D:2      | Learned a level 3 spell: Ozocubu's Armour
  2987 | D:3      | Noticed Natasha
  2992 | D:3      | Killed Natasha
  3005 | D:3      | Found a hide-covered altar of Uskayaw.
  3261 | D:3      | Gained mutation: You have large cloven feet. [demonic
                  | ancestry]
  3261 | D:3      | Reached XP level 5. HP: 35/35 MP: 10/10
  3261 | D:3      | Noticed Natasha
  3268 | D:3      | Killed Natasha
  3269 | D:3      | Reached skill level 5 in Ice Magic
  4045 | D:4      | Found Rumum's Gadget Shoppe.
  4367 | D:4      | Found Cacs's Book Boutique.
  4367 | D:4      | Found Hejohiju's Book Shop.
  4436 | D:4      | Found Finkyd's Gadget Shop.
  4491 | D:4      | Reached XP level 6. HP: 40/41 MP: 9/12
  4744 | D:4      | Noticed Pikel
  4752 | D:4      | Killed Pikel
  4753 | D:4      | Reached skill level 5 in Spellcasting
  4753 | D:4      | Reached skill level 6 in Ice Magic
  4753 | D:4      | Gained mutation: You have hoof-like feet. [demonic
                  | ancestry]
  4753 | D:4      | Reached XP level 7. HP: 38/46 MP: 2/15
  4866 | D:4      | Learned a level 4 spell: Hailstorm
  5000 | D:4      | Found a large runed translucent door.
  5000 | D:4      | Found a large runed translucent door.
  5004 | D:4      | Noticed Gadfly's ghost (amateur GnWn)
  5044 | D:4      | Found a shimmering altar of Xom.
  5681 | D:4      | Reached skill level 7 in Ice Magic
  5741 | D:4      | Gained mutation: You are immune to clouds of flame.
                  | [demonic ancestry]
  5741 | D:4      | Reached XP level 8. HP: 52/52 MP: 12/17
  5847 | D:5      | Entered Level 5 of the Dungeon
  5905 | D:5      | Found an iron altar of Okawaru.
  6190 | D:5      | Found a runed translucent door.
  6191 | D:5      | Noticed Crazy Yiuf
  6700 | D:5      | Noticed Edmund
  6714 | D:5      | Killed Edmund
  7356 | D:5      | Killed Crazy Yiuf
  7500 | D:6      | Found a shimmering altar of Xom.
  7504 | D:6      | Found a sacrificial altar of Ru.
  7504 | D:6      | Found a snail-covered altar of Cheibriados.
  7507 | D:6      | Found a white marble altar of Elyvilon.
  7623 | D:6      | Reached skill level 8 in Ice Magic
  7831 | D:6      | Found a staircase to the Ecumenical Temple.
  7868 | Temple   | Entered the Ecumenical Temple
  8160 | Temple   | Became a worshipper of Vehumet
  8419 | D:6      | Found a hazy altar of Hepliaklqana.
  8419 | D:6      | Found a glowing silver altar of Zin.
  8473 | D:6      | Found an opulent altar of Gozag.
  8696 | D:6      | Noticed Dowan
  8698 | D:6      | Noticed Duvessa
  8704 | D:6      | Killed Duvessa
  8711 | D:6      | Killed Dowan
  8712 | D:6      | Reached XP level 9. HP: 57/57 MP: 10/20
  8788 | D:6      | Found a basalt altar of Yredelemnul.
  9321 | D:7      | Found a broken altar of Ashenzari.
  9636 | D:7      | Found a runed translucent gate.
  9636 | D:7      | Found a runed translucent gate.
  9636 | D:7      | Found a runed translucent gate.
  9636 | D:7      | Noticed a kobold demonologist
  9636 | D:7      | Noticed WaifuGate's ghost (novice OgFi)
 10056 | D:8      | Reached * piety under Vehumet
 10056 | D:8      | Offered knowledge of Magic Dart by Vehumet.
 10057 | D:8      | Reached skill level 9 in Ice Magic
 10293 | D:8      | Slain by an ice beast

Illustrated notes

Levels and vault maps discovered:
D:1:      onia_arrival_pentagram, layout_basic
D:2:      layout_basic
D:3:      layout_rooms, eat_drink_and_be_merry_uskayaw,
          minmay_misc_feat_four_crosses, uniq_natasha
D:4:      minmay_diamond_boxcup, layout_cave_pods, serial_shops, shop, shop,
          nicolae_shop_statue_plus, kennysheep_little_box,
          ebering_ghost_disaster_area, lemuel_tele_altar, uniq_pikel
D:5:      layout_basic, kennysheep_okawaru_gauntlet, uniq_crazy_yiuf_cottage,
          uniq_edmund
D:6:      layout_layer_cave, kennysheep_mini_moat, grunt_temple_overflow_open,
          lemuel_doored_altar, gammafunk_temple_overflow_statue,
          minmay_temple_entry_butterflies, uniq_duvessa
D:7:      lemuel_ice_spiral_2, layout_rooms, lemuel_crystal_altar,
          gammafunk_ghost_nasty_kobolds
D:8:      layout_loops_ring, serial_shops, nicolae_shop_crystal,
          kennysheep_mini, nicolae_shop_waterfront,
          nicolae_shop_temple_entry_statues_fountains
Temple:   minmay_temple_curvy_loop

Skill      XL: |  1  2  3  4  5  6  7  8  9 |
---------------+----------------------------+-----
Ice Magic      | 4 5 6 7 8 9 |  9.3
Spellcasting   | 3 4 5 6 7 8 |  8.7
Dodging        | |  1.7
Stealth        | |  1.7

Action                   |  1- 3 |  4- 6 |  7- 9 || total
-------------------------+-------+-------+-------++-------
Melee: Unarmed           |    39 |     4 |       ||    43
       Short sword       |       |    47 |   171 ||   218
       Kick              |       |     5 |    15 ||    20
 Cast: Freeze            |    60 |    69 |   161 ||   290
       Frozen Ramparts   |       |     1 |    10 ||    11
       Ozocubu's Armour  |       |     1 |     1 ||     2
       Hailstorm         |       |       |    11 ||    11
Evoke: Wand              |       |       |     4 ||     4
  Use: Scroll            |       |     4 |     8 ||    12
       Potion            |       |       |     4 ||     4
 Stab: Sleeping          |     1 |     1 |     3 ||     5
       Distracted        |       |     1 |       ||     1
Armor: Robe              |    12 |    16 |    86 ||   114
Dodge: Dodged            |    42 |    88 |   261 ||   391
